 Dungeon Crawl Stone Soup version 0.16.2-12-gd0ad4c3 (webtiles) character file.

264 Peloso the Shield-Bearer (level 5, -10/47 HPs)
             Began as a Minotaur Fighter on Oct 31, 2015.
             Killed by divine providence
             ... invoked by an orc priest
              (14 damage)
             ... on level 3 of the Dungeon.
             The game lasted 00:08:57 (2076 turns).

Peloso the Shield-Bearer (Minotaur Fighter)         Turns: 2076, Time: 00:08:59

Health: -10/47     AC: 10    Str: 20    XL:     5   Next: 98%
Magic:  2/2        EV:  6    Int:  5    God:
Gold:   160        SH: 10    Dex: 11    Spells: 0 memorised, 4 levels left

rFire  + . .     SeeInvis .     a - +0 long sword
rCold  x . .     Clarity  .     o - +0 chain mail
rNeg   . . .     SustAb   .     c - +0 shield
rPois  .         Gourm    .     (helmet restricted)
rElec  .         Spirit   .     p - +0 cloak
rCorr  .         Warding  .     (no gloves)
rMut   .         Stasis   .     (no boots)
MR     .....                    q - amulet of inaccuracy (curse)
Stlth  ..........               (no ring)
                                g - ring of fire

@: not resistant to hostile enchantments, extremely unstealthy
A: retaliatory headbutt, horns 2
a: no special abilities


You were on level 3 of the Dungeon.
You were very hungry.

You visited 1 branch of the dungeon, and saw 3 of its levels.

You collected 160 gold pieces.

Inventory:

Hand weapons
 a - a +0 long sword (weapon)
Armour
 c - a +0 shield (worn)
 l - a +1 scale mail of fire resistance
 o - a +0 chain mail (worn)
 p - a +0 cloak (worn)
Jewellery
 g - a ring of fire (left hand)
 q - a cursed amulet of inaccuracy (around neck)
Scrolls
 k - a scroll of identify
 m - 2 scrolls of remove curse
Potions
 b - 2 potions of curing
 e - 3 potions of might
 f - a potion of haste
 j - a potion of brilliance
 n - 2 potions of heal wounds
Comestibles
 d - 2 bread rations
 h - 5 chunks of flesh
 i - a beef jerky


   Skills:
 + Level 4.3 Fighting
 + Level 3.8 Long Blades
 + Level 4.6 Armour
 + Level 2.6 Dodging
 + Level 5.5 Shields


You had 4 spell levels left.
You didn't know any spells.

Dungeon Overview and Level Annotations

Branches:
Dungeon (3/15)

Altars:
Dithmenos
Kikubaaqudgha
Nemelex Xobeh
Zin


Innate Abilities, Weirdness & Mutations

You reflexively headbutt those who attack you in melee.
You have a pair of horns on your head.


Message History

You block the orc's attack. You block the orc priest's attack.
Unknown command.
You miss the orc priest.
The orc priest is lightly wounded.
The orc hits you with a dagger.
The orc priest mumbles some strange prayers to Beogh against you.
Pain shoots through your body!
* * * LOW HITPOINT WARNING * * *
You slash the orc priest!
The orc priest is almost dead.
You block the orc's attack.
The orc priest calls upon Beogh to heal the orc.
The orc's wounds heal themselves!
You closely miss the orc priest.
The orc priest is almost dead.
The orc hits you but does no damage. You block the orc priest's attack.
The orc hits you but does no damage.
The orc priest mumbles some strange prayers to Beogh against you.
Something smites you!
You die...

.))....#######.##.#.##.##.##.....
###.#### #.##.#.......##.##.# #.#
#.##......#####..... ##.##
#.######### #.##.# #...# #.#
#..... #...# #.# ####.. #...#
#.###### # ###
##...#########.....(# ... #
.........##.....@##.#.....# #
.............#†#oo)$......# #
.........##..#.#.##.#.....# #
#.....#####....... .# ... #
#.....# #...##.#### # # #.....#
#......# # #.....# #......# #####
#
#[....#######.########...########
...........##.(.)...##.#.........


You could see an orc priest and an orc.

Vanquished Creatures
  An orc priest (D:3)
  A worker ant (D:3)
  An orc wizard (D:3)
  Robin (D:3)
  6 adders
  A gnoll (D:1)
  3 worms
  4 giant geckos
  8 orcs (D:3)
  3 giant cockroaches
  15 goblins
  14 hobgoblins
  4 jackals (D:1)
  A quokka (D:3)
  9 bats
  5 giant newts
  3 kobolds
  6 rats
86 creatures vanquished.

Notes
Turn   | Place    | Note
--------------------------------------------------------------
     0 | D:1      | Peloso, the Minotaur Fighter, began the quest for the Orb.
     0 | D:1      | Reached XP level 1. HP: 19/19 MP: 1/1
    67 | D:1      | Reached XP level 2. HP: 25/27 MP: 1/1
   163 | D:1      | Reached skill level 4 in Shields
   379 | D:1      | Reached skill level 1 in Dodging
   379 | D:1      | Reached XP level 3. HP: 31/33 MP: 2/2
   664 | D:2      | Found a glowing silver altar of Zin.
   859 | D:2      | Reached XP level 4. HP: 29/40 MP: 2/2
  1101 | D:2      | Found a shadowy altar of Dithmenos.
  1108 | D:2      | Found an ancient bone altar of Kikubaaqudgha.
  1151 | D:2      | Found a sparkling altar of Nemelex Xobeh.
  1525 | D:3      | Reached skill level 5 in Shields
  1525 | D:3      | Reached XP level 5. HP: 33/46 MP: 2/2
  1842 | D:3      | Noticed Robin
  1891 | D:3      | Killed Robin
  2076 | D:3      | Killed from afar by an orc priest

Action                   |  1- 3 |  4- 6 || total
-------------------------+-------+-------++-------
Melee: Long sword        |   113 |   169 ||   282
  Use: Scroll            |       |     8 ||     8
       Potion            |       |     1 ||     1
  Eat: Chunk             |       |     3 ||     3
